Map: Oxide LE

Players

Massa - Winner!

  • Race: Terran Terran
  • League: Platinum
  • Spawn Location: 7:00

Chaøs

  • Race: Zerg Zerg
  • League: Platinum
  • Spawn Location: 1:00

VOD

Have the link to the VOD?

Description

Time

  • Played on: Jan. 16, 2021, 3:35 p.m.
  • Length: 11:49
Show
View Real Time Build Order
Export as new Build Order

Massa Terran - Winner!

Build Orders:  

Get SALT Encoding   

  12  0:00  SCV  
  13  0:12  SCV  
  14  0:19  Supply Depot  
  14  0:24  SCV  
  15  0:40  SCV  
  15  0:41  Barracks  
  16  0:45  Refinery  
  16  0:52  SCV  
  17  1:04  SCV  
  18  1:17  SCV  
  19  1:32  Orbital Command  
  19  1:43  Barracks Reactor  
  19  1:45  Command Center  
  19  1:59  SCV  
  20  2:06  Supply Depot  
  20  2:09  Factory  
  20  2:19  SCV  
  20  2:20  Marine x2  
  23  2:33  Supply Depot  
  23  2:38  Marine x2  
  23  2:40  SCV  
  26  2:55  SCV  
  26  2:56  Marine x2  
  29  3:00  Orbital Command  
  29  3:04  Starport  
  29  3:21  Hellion x2  
  29  3:22  Barracks Tech Lab  
  33  3:30  SCV  
  33  3:31  SCV  
  35  3:42  SCV  
  38  3:48  Hellion  
  38  3:49  Hellion  
  38  3:51  Banshee  
  38  3:52  Barracks Tech Lab  
  43  3:55  SCV  
  43  3:56  Refinery, SCV  
  45  4:08  SCV  
  38  4:49  Banshee  
  39  4:52  Cloaking Field  
  39  4:59  SCV x2  
  41  5:08  Supply Depot  
  41  5:09  Supply Depot  
  41  5:11  SCV, Supply Depot  
  39  5:32  Banshee  
  40  5:38  Siege Tank  
  40  5:39  Marine x2  
  40  5:40  SCV x2  
  45  5:50  Barracks x3  
  45  5:52  SCV x2, Command Center  
  45  5:53  Engineering Bay  
  45  5:56  Marine  
  45  5:57  Marine  
  47  6:01  Refinery  
  49  6:04  SCV x2  
  49  6:10  Siege Tank  
  54  6:14  Marine  
  54  6:15  Medivac  
  54  6:16  SCV  
  54  6:17  SCV  
  59  6:21  Refinery  
  59  7:00  Barracks Tech Lab x2  
  59  7:01  Barracks Reactor, Marine  
  59  7:02  Marine  
  59  7:03  Siege Tank  
  59  7:04  SCV x2  
  66  7:16  SCV x2  
  66  7:19  Marine x2  
  70  7:28  SCV  
  68  7:30  Supply Depot  
  68  7:31  Missile Turret  
  68  7:35  Marauder x2, Stimpack  
  72  7:37  Marine, Combat Shield  
  73  7:51  Banshee  
  73  7:56  Marauder  
  75  8:05  Marauder, Marine x4  
  81  8:17  Marauder  
  83  8:23  Marine x4  
  83  8:26  Marine  
  88  8:40  Planetary Fortress  
  88  8:44  Medivac  
  88  8:46  Marauder, Marine  
  93  8:54  Supply Depot x2  
  93  9:00  Missile Turret  
  93  9:15  Marauder x2, Marine x4  
  101  9:18  Supply Depot  
  101  9:20  Missile Turret  
  101  9:21  Supply Depot  
  101  9:23  SCV x3  
  104  9:28  Banshee  
  107  9:33  Marine x2  
  109  9:39  Marine x2  
  109  9:40  SCV x3, Marauder  
  109  9:43  Marauder, Missile Turret  
  109  9:44  Supply Depot  
  118  9:45  Supply Depot  
  118  9:50  Marine  
  118  9:52  SCV  
  120  9:58  Siege Tank  
  123  10:01  Marauder  
  123  10:06  Marauder, Marine x3  
  130  10:08  Marine  
  130  10:09  Supply Depot  
  130  10:11  Banshee  
  130  10:13  Missile Turret  
  131  10:15  Command Center  
  131  10:18  Armory  
  131  10:21  Engineering Bay  
  131  10:23  Armory, Marauder, Marine x3  
  131  10:26  Marine  
  131  10:27  Marauder  
  125  10:30  Siege Tank  
  125  10:33  Missile Turret x2  
  128  10:39  SCV x3  
  131  10:44  Marauder  
  131  10:47  Concussive Shells  
  133  10:51  SCV  
  133  10:54  Medivac  
  136  11:02  Siege Tank  
Show
View Real Time Build Order
Export as new Build Order

Chaøs Zerg 

Build Orders: Hatch First 

Get SALT Encoding   

  12  0:06  Drone  
  13  0:14  Overlord  
  13  0:23  Drone  
  14  0:33  Drone x2  
  16  0:52  Hatchery, Drone  
  16  1:07  Spawning Pool  
  16  1:10  Drone  
  16  1:14  Drone  
  16  1:17  Drone  
  18  1:24  Overlord  
  18  1:32  Extractor  
  17  1:33  Drone  
  18  1:43  Drone  
  19  1:54  Drone, Queen  
  22  2:04  Drone  
  22  2:05  Queen  
  22  2:07  Drone  
  26  2:17  Drone x2  
  28  2:25  Extractor  
  28  2:26  Overlord x2  
  27  2:36  Metabolic Boost  
  27  2:38  Drone x2  
  29  2:47  Drone  
  30  2:57  Baneling Nest  
  30  2:58  Drone x2  
  31  3:05  Drone x4  
  35  3:09  Drone  
  36  3:18  Lair  
  36  3:19  Drone x2  
  38  3:22  Drone  
  38  3:23  Drone  
  38  3:25  Drone  
  41  3:27  Drone  
  42  3:34  Drone  
  42  3:35  Drone x2  
  42  3:38  Overlord  
  45  3:41  Overlord  
  45  3:53  Extractor  
  45  3:55  Zergling x10  
  47  3:58  Zergling x2  
  50  4:05  Queen  
  50  4:06  Extractor  
  52  4:10  Zergling x4  
  52  4:16  Zergling x8  
  48  4:25  Zergling x4  
  34  4:33  Zergling x2  
  31  4:39  Zergling x4  
  31  4:40  Zergling x2  
  31  4:41  Queen  
  31  4:45  Zergling x4  
  36  4:50  Roach Warren  
  34  4:54  Drone x2  
  34  4:56  Zergling x2  
  37  5:01  Zergling x2  
  37  5:09  Spore Crawler  
  37  5:11  Spore Crawler  
  35  5:14  Drone  
  36  5:24  Drone x3  
  39  5:39  Zergling x2  
  39  5:40  Zergling x8  
  44  5:44  Drone x2  
  44  5:46  Drone  
  47  5:53  Centrifical Hooks  
  47  5:57  Overseer  
  47  5:59  Drone  
  47  6:02  Drone  
  47  6:03  Drone  
  50  6:10  Drone x2  
  52  6:12  Drone  
  52  6:15  Drone  
  52  6:17  Drone  
  55  6:18  Drone  
  56  6:39  Spore Crawler  
  55  6:40  Overseer  
  55  6:41  Drone x3  
  55  6:42  Drone  
  55  6:43  Drone x2  
  55  6:44  Roach  
  63  6:57  Baneling x7  
  63  7:07  Spore Crawler  
  62  7:08  Queen  
  62  7:09  Zergling x4  
  62  7:10  Zergling x2  
  55  7:30  Zergling x2  
  55  7:31  Zergling x14  
  63  8:00  Overlord x4  
  63  8:06  Hatchery  
  63  8:10  Hatchery  
  61  8:20  Zergling x12  
  66  8:37  Zergling x2  
  66  8:38  Zergling x8  
  71  8:47  Spire  
  71  8:48  Overlord  
  70  8:50  Overlord x3  
  70  8:52  Drone  
  71  8:56  Drone  
  65  9:15  Baneling x3  
  65  9:16  Baneling x15  
  65  9:18  Zergling x14  
  65  9:19  Queen  
  74  9:29  Drone  
  74  9:30  Drone x5, Queen  
  82  9:34  Drone x2  
  84  9:41  Zergling x4  
  86  9:53  Spawning Pool  
  81  10:03  Drone  
  81  10:04  Drone x11  
  91  10:12  Drone  
  91  10:28  Mutalisk x6  
  74  10:32  Mutalisk  
  74  10:35  Drone x2  
  90  10:36  Drone  
  90  10:38  Drone  
  90  10:39  Drone  
  93  10:52  Mutalisk x2  
  93  10:53  Mutalisk x3  
  93  10:54  Mutalisk  
  105  10:57  Zergling x4  
  105  10:59  Zergling x2  
  105  11:00  Zergling x2  
  101  11:13  Zergling x2  
  101  11:14  Zergling x14  
  101  11:15  Zergling x6  
  99  11:19  Baneling  
  99  11:20  Baneling x5  
Tags
 
Matchup
TvZ
Replay Pack
Multiplayer
Spawn Locations
Cross Positions
Add a new tag
Caveats
  • Supply blocks, unpowered buildings, or Contaminate may cause inaccurate times.
  • Supply counts are checked every 10 seconds.